 Dungeon Crawl Stone Soup version 0.32-a0-132-g2d33c3cfaf (webtiles) character file.

Game seed: 8341895134901401780

79 Hubris850 the Ruffian (level 4, -17/41 HPs)
             Began as a Troll Shapeshifter on Feb 9, 2024.
             Was a Follower of the Shining One.
             Demolished by an ogre
             ... wielding a +0 giant spiked club
              (26 damage)
             ... on level 4 of the Dungeon.
             The game lasted 00:05:30 (1866 turns).

Hubris850 the Ruffian (Troll Shapeshifter)          Turns: 1866, Time: 00:05:31

Health: -17/41     AC:  4    Str: 22    XL:     4   Next: 16%
Magic:  3/3        EV: 10    Int:  6    God:    the Shining One [*.....]
Gold:   131        SH:  0    Dex: 11    Spells: 3/3 levels left

rFire   . .          .
                       - Unarmed
rCold   . . .        (no shield)
rNeg    . . .        a - +0 animal skin
rPois   .            (helmet currently unavailable)
rElec   .            (cloak currently unavailable)
rCorr   .            (gloves unavailable)
SInv    .            (boots unavailable)
Will    .....        (no amulet)
Stlth   +            (no ring)
HPRegen 1.06/turn    (no ring)
MPRegen 0.08/turn

%: no passive effects
@: beast-form, glowing
A: beast (slay +2), large, unfitting armour, claws 3, regeneration 1, shaggy fur
1, tough skin 1
a: Begin Untransformation, Renounce Religion, Divine Shield


You were on level 4 of the Dungeon.
You worshipped the Shining One.
The Shining One was aware of your devotion.
You were a hulking beast.
You visited 1 branch of the dungeon, and saw 4 of its levels.

You collected 131 gold pieces.

Inventory:

Hand Weapons
 h - a +1 dagger of venom
Armour
 a - a +0 animal skin (worn)
 l - a +0 cloak
Magical Staves
 o - a staff of cold
Jewellery
 j - a ring of ice
Talismans
 c - a beast talisman
 d - a flux talisman
Scrolls
 i - a scroll of poison
Potions
 b - a potion of lignification
 e - 2 potions of curing
 f - a potion of resistance {unknown}
 g - a potion of attraction {unknown}
 m - 2 potions of heal wounds {unknown}
 n - 2 potions of haste {unknown}


   Skills:
 + Level 1.6 Fighting
 + Level 2.2 Dodging
 + Level 3.5 Unarmed Combat
 + Level 3.5 Shapeshifting


You had 3 spell levels left.
You didn't know any spells.
Your spell library contained the following spells:

 Spells                   Type           Power      Damage    Failure   Level
 Summon Small Mammal      Summ           0%         N/A       45%         1
 Call Canine Familiar     Summ           0%         N/A       83%         3
 Summon Blazeheart Golem  Fire/Summ      0%         N/A       99%         4


Dungeon Overview and Level Annotations

Branches:
Dungeon (4/15)
 Temple: D:4-7

Altars:
The Shining One

Shops:
D:3 :


Innate Abilities, Weirdness & Mutations

You are a hulking beast.
Your limbs bulge with bestial killing power. (Slay +2)
You are too large for most types of armour.
You have claws for hands.
Your natural rate of healing is unusually fast.
You are covered in fur. (AC +1)
You have tough skin. (AC +1)


Message History

No target in view!
You now have 127 gold pieces (gained 3).
You now have 131 gold pieces (gained 4).
Found a stone staircase leading down.
o - a scroll labelled LIMYTZ CAAJ
There is a stone staircase leading down here.
You see here a +0 dagger.
There is an entrance to Kysi's Book Shop here.
Found 7 stones.
As you read the scroll labelled LIMYTZ CAAJ, it crumbles to dust.
You feel aware of your surroundings.
It was a scroll of revelation.
You see here 7 stones.
You see here a staff of cold.
Done exploring.
You see here a staff of cold.
o - a staff of cold Done exploring.
There is a stone staircase leading down here.
You climb downwards.
There is a stone staircase leading up here.
Found a leather armour.
An ogre comes into view. It is wielding a +0 giant spiked club.
You throw a poisoned dart.
The poisoned dart barely misses the ogre.
You throw a poisoned dart.
The poisoned dart barely misses the ogre.
You scratch the ogre.
The ogre is lightly wounded.
You claw the ogre!
The ogre is heavily wounded.
The ogre hits you with a +0 giant spiked club!!
Ouch! That really hurt!
* * * LOW HITPOINT WARNING * * *
You are too injured to fight recklessly!
You are too injured to fight recklessly!
You scratch the ogre.
The ogre is heavily wounded.
The ogre hits you with a +0 giant spiked club!!
Ouch! That really hurt!
You die...

.((# ...## .....
...###.
#.#######.......
#...............
#[#######...O.......
#...........h.......
########............
#.##.#.......
#.#....######
#.###### #.#
#.#####.#
#.....#.###
#.........#


You could see an ogre.

Vanquished Creatures
  2 adders
  2 dart slugs
  4 bats
  5 endoplasms (D:1)
  3 giant cockroaches
  3 goblins
  7 hobgoblins
  2 jackals (D:3)
  2 quokkas
  7 ball pythons
  A frilled lizard (D:2)
  7 kobolds
  5 rats
50 creatures vanquished.

Notes
Turn   | Place    | Note
-------+----------+-------------------------------------------
     0 | D:1      | Hubris850 the Troll Shapeshifter began the quest for the
                  | Orb.
     0 | D:1      | Reached XP level 1. HP: 18/18 MP: 0/0
   134 | D:1      | Reached skill level 1 in Fighting
   173 | D:1      | Reached XP level 2. HP: 27/27 MP: 1/1
   686 | D:2      | Reached XP level 3. HP: 27/33 MP: 2/2
  1254 | D:3      | Found a faded altar of an unknown god.
  1265 | D:3      | Prayed at the altar of an unknown god.
  1265 | D:3      | Became a worshipper of the Shining One
  1265 | D:3      | Reached * piety under the Shining One
  1307 | D:3      | Found Kysi's Book Shop.
  1424 | D:3      | Reached XP level 4. HP: 41/41 MP: 3/3
  1519 | D:3      | Found a glowing golden altar of the Shining One.
  1858 | D:4      | Noticed an ogre
  1866 | D:4      | Demolished by an ogre

Illustrated notes

Levels and vault maps discovered:
D:1:      dpeg_arrival_castle, layout_loops_ring
D:2:      layout_loops_ring, mrwooster_statue_mirror
D:3:      layout_loops_ring, tso_oasis_becter,
          ebering_ecumenical_altar_sacrificial, serial_shops, shop, minivault_14
D:4:      layout_basic, lemuel_round_altar, minmay_unequal

Skill      XL: |  1  2 |
---------------+-------+-----
Fighting       | 1 |  1.6
Dodging        | 2 |  2.2
Unarmed Combat | |  3.5
Shapeshifting  | |  3.5

Action                     |  1- 3 |  4- 6 || total
---------------------------+-------+-------++-------
  Melee: Unarmed           |    86 |    12 ||    98
         Punch             |     2 |       ||     2
  Throw: Dart              |     2 |     2 ||     4
    Use: Scroll            |     3 |     4 ||     7
   Stab: Distracted        |     1 |       ||     1
 Armour: Animal skin       |    39 |     8 ||    47
  Dodge: Dodged            |    27 |     5 ||    32

Table legend: (Time is in decaauts)
 A = Elapsed time spent in this place.
 B = Non-inter-level travel time spent in this place.
 C = Inter-level travel time spent in this place.
 D = Time resting spent in this place.
 E = Time spent auto-exploring this place.
 F = Levels seen in this place.
 G = Mean time per level.
                   A        B        C        D        E       F      G
               +--------+--------+--------+--------+--------+-----+--------+
         Total |   1859 |   1799 |     60 |      0 |   1469 |   4 |  464.8 |
       Dungeon |   1859 |   1799 |     60 |      0 |   1469 |   4 |  464.8 |
               +--------+--------+--------+--------+--------+-----+--------+

Top non-repeatable levels by time:
     D:1: 678 daAuts
     D:3: 582 daAuts
     D:2: 559 daAuts
     D:4: 38 daAuts
